 Dungeon Crawl Stone Soup version 0.31.0-11-ge490571c62 (webtiles) character file.

Game seed: 5474303280859864640

276 qw the Ducker (level 6, -2/32 HPs)
             Began as a Spriggan Hunter on Feb 3, 2024.
             Slain by an orc
             ... wielding a +0 club
              (5 damage)
             ... on level 3 of the Dungeon.
             The game lasted 00:00:06 (1899 turns).

qw the Ducker (Spriggan Hunter)                     Turns: 1899, Time: 00:00:07

Health: -2/32      AC:  2    Str:  5 (7)  XL:     6   Next: 4%
Magic:  7/7        EV: 20    Int:  7 (10) God:
Gold:   189        SH:  0    Dex: 19 (21) Spells: 5/5 levels left

rFire   . . .        b - +8 arbalest (heavy)
rCold   . . .        (shield currently unavailable)
rNeg    . . .        c - +0 robe
rPois   .            (helmet restricted)
rElec   .            (no cloak)
rCorr   .            (gloves unavailable)
SInv    +            (boots unavailable)
Will    ++...        (no amulet)
Stlth   ++           (no ring)
HPRegen 0.25/turn    (no ring)
MPRegen 0.10/turn

%: no passive effects
@: about to teleport, enlightened, flying, very quick
A: very small, no large weapons, unfitting armour, see invisible, speed 3
a: no special abilities


You were on level 3 of the Dungeon.
You visited 1 branch of the dungeon, and saw 4 of its levels.

You collected 189 gold pieces.


Innate Abilities, Weirdness & Mutations

You are very small and have problems with some larger weapons.
You are too small for most types of armour.
You have supernaturally acute eyesight. (SInv)
You cover ground extremely quickly. (Speed+++)


   Skills:
 - Level 3.5 Fighting
 + Level 5.0 Ranged Weapons
 - Level 5.3 Dodging
 - Level 1.5 Stealth


You had 5 spell levels left.
You didn't know any spells.
Your spell library was empty.

Inventory:

Hand Weapons
 b - a +8 heavy arbalest (weapon)
Armour
 c - a +0 robe (worn)
Wands
 g - a wand of mindburst (12)
Scrolls
 i - 3 scrolls of teleportation
Potions
 f - a potion of curing
 j - a potion of enlightenment
 k - a potion of might {unknown}

Dungeon Overview and Level Annotations

Branches:
Dungeon (4/15)
 Temple: D:4-7

Altars:
Qazlal
Zin

Annotations:
D:4 Robin


Message History

Enter note:
Enter note:
Enter note: You shoot a bolt.
The bolt hits the orc!!
You kill the orc!
The orc closely misses you. The orc misses you. The orc closely misses you. x2
The orc completely misses you. x2; The orc barely misses you.
The orc hits you but does no damage. The orc hits you with a +0 club.
You shoot a bolt. The bolt closely misses the orc.
The orc barely misses you. The orc hits you with a +0 club.
The orc barely misses you. The orc hits you with a +0 flail.
The orc closely misses you. x2
You shoot a bolt. The bolt closely misses the orc.
The orc hits you with a +0 flail. The orc misses you.
The orc closely misses you. The orc misses you. The orc closely misses you.
The orc hits you with a +0 club.
You shoot a bolt. The bolt hits the orc!
You kill the orc!
The orc barely misses you. The orc closely misses you. The orc misses you.
The orc hits you with a +0 club. The orc hits you but does no damage.
The orc hits you with a +0 club.
You shoot a bolt. The bolt barely misses the orc.
The orc closely misses you. The orc hits you with a +0 club.
The orc closely misses you. The orc hits you with a +0 club.
You shoot a bolt. The bolt hits the orc!!
You kill the orc!
The orc misses you. The orc closely misses you.
The hobgoblin completely misses you. The orc hits you with a +0 club.
The hobgoblin closely misses you.
You shoot a bolt. The bolt closely misses the hobgoblin.
The orc hits you with a +0 club. The hobgoblin misses you.
The orc completely misses you. The hobgoblin hits you.
1898 ||| READING 4 scrolls of teleportation.
As you read the scroll of teleportation, it crumbles to dust.
You feel strangely unstable. The orc hits you with a +0 club.
The hobgoblin completely misses you.
You shoot a bolt. The bolt closely misses the hobgoblin.
The orc barely misses you. The hobgoblin hits you.
The orc hits you with a +0 club.
You die...

#.# #.#.#...##.##.# #######
###.# #.#.#.#.##.##.# ......#
#<#.# #.#.#.#.##.##.# #####.#
#.#.# #.#.#.#.##.##.# #.#
#.#'###.#.#.#.##.##.# #.#
#.......#.#...##.##.# #####.#
#.).....#.#.####.##.#
...##.####.....go#.#......##.#
...'...........)@#.#.#######.#
...##.####'#+###)#.#.......#.#
...##.##.......#.#.#..####.#.#
...##..'.......#.#.#.....#.#.#
########.......#.#.#.......#.#
#.......#.#.#...#####.#
#.......#.#.#.....)...##
#.......#.#.#.....##...#
#.....%.#.#.#.....PPPP.#


You could see an orc and a hobgoblin.

Vanquished Creatures
  Sigmund (D:3)
  A bombardier beetle (D:3)
  4 adders
  A ribbon worm (D:3)
  4 orcs
  5 endoplasms
  3 giant cockroaches
  A goblin (D:3)
  7 hobgoblins
  4 kobolds
  5 quokkas
  5 ball pythons
  3 bats (D:1)
  2 frilled lizards (D:1)
  4 rats
50 creatures vanquished.

Notes
Turn   | Place    | Note
-------+----------+-------------------------------------------
     0 | D:1      | qw the Spriggan Hunter began the quest for the Orb.
     0 | D:1      | Reached XP level 1. HP: 10/10 MP: 2/2
     0 | D:1      | 0 ||| qw: Version: 0.3-a-158-g18b3111
     0 | D:1      | 0 ||| qw: Game counter: 4262
     0 | D:1      | 0 ||| qw: Melee chars always use a shield: true
     0 | D:1      | 0 ||| qw: God list: Okawaru
     0 | D:1      | 0 ||| qw: Allow faded altars: false
     0 | D:1      | 0 ||| qw: Do Orc after clearing Dungeon:15 true
     0 | D:1      | 0 ||| qw: Do second Lair branch before Depths: true
     0 | D:1      | 0 ||| qw: Lair rune preference: random
     0 | D:1      | 0 ||| qw: Goals: Normal
     0 | D:1      | 0 ||| PLANNING D:1-11
    51 | D:1      | Reached skill level 3 in Dodging
   142 | D:1      | Reached XP level 2. HP: 14/14 MP: 3/3
   402 | D:1      | 402 ||| READING scroll labelled RONOKO FOBA.
   402 | D:1      | 402 ||| IDENTIFYING smoky grey potion
   403 | D:1      | 403 ||| READING scroll labelled QUAP JEAJAMIHE.
   404 | D:1      | 404 ||| READING 2 scrolls labelled YBRIOH WOPYO.
   408 | D:1      | 408 ||| READING scroll labelled WYKUIZ QITUFAO.
   409 | D:1      | 409 ||| DRINKING 2 coppery potions.
   410 | D:1      | 410 ||| DROPPING scroll of butterflies.
   411 | D:1      | 411 ||| DROPPING potion of berserk rage.
   554 | D:2      | Reached XP level 3. HP: 9/18 MP: 4/4
   709 | D:2      | Found a glowing silver altar of Zin.
  1053 | D:2      | 1053 ||| READING scroll labelled FUSHRI PACOUHAU.
  1053 | D:2      | Identified a scroll of acquirement
  1053 | D:2      | 1053 ||| ACQUIRING +6 heavy arbalest
  1053 | D:2      | Acquired a +6 heavy arbalest
  1055 | D:2      | 1055 ||| SWAPPING to +6 heavy arbalest.
  1056 | D:2      | 1056 ||| DROPPING +0 shortbow.
  1057 | D:2      | 1057 ||| DRINKING 2 bubbling grey potions.
  1058 | D:2      | 1058 ||| DROPPING potion of invisibility.
  1328 | D:3      | Reached XP level 4. HP: 18/22 MP: 5/5
  1409 | D:3      | Found a stormy altar of Qazlal.
  1553 | D:3      | Noticed Sigmund
  1554 | D:3      | 1554 ||| ZAPPING wand of mindburst (14) at 4,-6 (Sigmund;
                  | floor).
  1555 | D:3      | 1555 ||| ZAPPING wand of mindburst (13) at 3,-5 (Sigmund;
                  | floor).
  1555 | D:3      | Killed Sigmund
  1556 | D:3      | Reached skill level 3 in Fighting
  1556 | D:3      | Reached XP level 5. HP: 28/28 MP: 6/6
  1556 | D:3      | Reached XP level 6. HP: 32/32 MP: 7/7
  1856 | D:3      | 1856 ||| READING scroll of identify.
  1856 | D:3      | 1856 ||| IDENTIFYING fuming green potion
  1857 | D:3      | 1857 ||| READING 2 scrolls labelled ADAMYTUNEDGH.
  1857 | D:3      | 1857 ||| ENCHANTING +6 heavy arbalest.
  1858 | D:3      | 1858 ||| READING scroll of enchant weapon.
  1858 | D:3      | 1858 ||| ENCHANTING +7 heavy arbalest.
  1859 | D:3      | 1859 ||| READING scroll labelled SUALUOFROKO.
  1860 | D:3      | 1860 ||| DRINKING 3 grey potions.
  1861 | D:3      | 1861 ||| DRINKING 2 blue potions.
  1862 | D:3      | 1862 ||| DROPPING 2 potions of degeneration.
  1863 | D:3      | 1863 ||| DROPPING potion of brilliance.
  1888 | D:4      | Noticed Robin
  1889 | D:4      | 1889 ||| STAIRDANCE
  1897 | D:3      | HP: 8/32 [hobgoblin (1)]
  1898 | D:3      | 1898 ||| READING 4 scrolls of teleportation.
  1899 | D:3      | HP: 3/32 [hobgoblin (4)]
  1899 | D:3      | Slain by an orc

Levels and vault maps discovered:
D:1:      minmay_arrival_shoal_huts, layout_rooms, minmay_misc_feat_chi
D:2:      layout_basic, basic_altar
D:3:      layout_basic, mainiacjoe_overflow_six_doors_small,
          minmay_gold_behind_fungi, uniq_sigmund
D:4:      layout_basic, nicolae_overflow_quartered_altars, uniq_robin,
          uniq_menkaure, uniq_duvessa

Skill      XL: |  1  2  3  4 |
---------------+-------------+-----
Dodging        | 3 4 5 |  5.3
Ranged Weapons | 5 |  5.0
Fighting       | 3 |  3.5
Stealth        | |  1.5

Action                     |  1- 3 |  4- 6 || total
---------------------------+-------+-------++-------
   Fire: Shortbow          |   107 |       ||   107
         Arbalest          |     8 |    16 ||    24
  Evoke: Wand              |       |     2 ||     2
    Use: Scroll            |     5 |     5 ||    10
         Potion            |     2 |     2 ||     4
 Armour: Robe              |    12 |    18 ||    30
  Dodge: Dodged            |    39 |    35 ||    74

Table legend:
 A = Non-vault XP
 B = Vault XP
 C = Vault XP percentage of total XP
 D = Non-vault monster count
 E = Vault monster count
 F = Vault count percentage of total count
                 A         B        C        D         E       F
            +---------+---------+-------+---------+---------+-------
      Total |     181 |     214 |  54.2 |      49 |       1 |   2.0
            +---------+---------+-------+---------+---------+-------
        D:1 |      28 |       0 |   0.0 |      19 |       0 |   0.0
        D:2 |      59 |       0 |   0.0 |      14 |       0 |   0.0
        D:3 |      91 |     214 |  70.2 |      15 |       1 |   6.2
        D:4 |       3 |       0 |   0.0 |       1 |       0 |   0.0
            +---------+---------+-------+---------+---------+-------
